 Dungeon Crawl Stone Soup version 0.29-a0-982-gaed3a0c8d8 (webtiles) character file.

Game seed: 5558507963465508126

689 leavemydog the Cleaver (level 7, -3/60 HPs)
             Began as a Hill Orc Fighter on Aug 1, 2022.
             Slain by Duvessa
             ... wielding a +0 short sword
              (9 damage)
             ... on level 4 of the Dungeon.
             The game lasted 00:05:48 (3923 turns).

leavemydog the Cleaver (Hill Orc Fighter)           Turns: 3923, Time: 00:05:48

Health: -3/60      AC: 13    Str: 25    XL:     7   Next: 63%
Magic:  7/7        EV:  9    Int:  8    God:
Gold:   162        SH:  5    Dex: 16    Spells: 6/6 levels left

rFire   . . .      SeeInvis .   a - +0 war axe
rCold   . . .      Faith    .   c - +0 buckler
rNeg    . . .      Spirit   .   b - +0 scale mail
rPois   .          Reflect  .   n - +2 helmet of the Gloaming {Str+4 Dex+6}
rElec   .          Harm     .   v - +0 cloak
rCorr   .          Rampage  .   (no gloves)
Will    .....                   l - +1 pair of boots
Stlth   ..........              (no amulet)
HPRegen 0.20/turn               (no ring)
MPRegen 0.10/turn               (no ring)

@: lit by a corona, glowing
A: no striking features
a: no special abilities


You were on level 4 of the Dungeon.
You visited 1 branch of the dungeon, and saw 4 of its levels.

You collected 162 gold pieces.

Inventory:

Hand Weapons
 a - a +0 war axe (weapon)
 w - a +3 quarterstaff of chaos
Armour
 b - a +0 scale mail (worn)
 c - a +0 buckler (worn)
 l - a +1 pair of boots (worn)
 n - the +2 helmet of the Gloaming (worn) {Str+4 Dex+6}
   (You took it off Robin on level 2 of the Dungeon)

   Str:       It affects your strength (+4).
   Dex:       It affects your dexterity (+6).
 v - a +0 cloak (worn)
 B - a +2 hat of stealth
Jewellery
 m - a ring of protection from cold
Wands
 e - a wand of charming (2)
Scrolls
 f - a scroll of vulnerability {unknown}
 g - 2 scrolls of amnesia {unknown}
 h - 3 scrolls of noise
 j - 2 scrolls of fear
 o - a scroll of immolation {unknown}
 p - 3 scrolls of teleportation {unknown}
 q - a scroll of butterflies {unknown}
 y - a scroll of summoning {unknown}
 z - a scroll of identify {unknown}
 A - a scroll of enchant weapon {unknown}
Potions
 d - a potion of might
 i - a potion of invisibility {unknown}
 k - a potion of lignification {unknown}
 r - a potion of attraction {unknown}
 s - 2 potions of haste {unknown}
 t - a potion of mutation {unknown}
 u - a potion of magic {unknown}
 x - a potion of degeneration {unknown}


   Skills:
 + Level 4.8 Fighting
 * Level 8.7 Axes
 + Level 4.8 Armour
 + Level 4.5 Shields


You had 6 spell levels left.
You didn't know any spells.
Your spell library contained the following spells:

 Spells                   Type           Power      Damage    Failure   Level
 Foxfire                  Conj/Fire      0%         2x1d4     77%         1
 Sublimation of Blood     Necr           0%         N/A       88%         2
 Wereblood                Tmut           0%         N/A       88%         2
 Conjure Flame            Conj/Fire      0%         6-21      98%         3
 Ignite Poison            Fire/Tmut/Pois 0%         N/A       98%         3
 Inner Flame              Hex/Fire       0%         N/A       98%         3
 Flame Wave               Conj/Fire      0%         2d4       100%        4
 Sticky Flame             Conj/Fire      0%         2d3       100%        4
 Summon Hydra             Summ           0%         N/A       100%        7


Dungeon Overview and Level Annotations

Branches:
Dungeon (4/15)
 Temple: D:4-7

Altars:
Zin

Shops:
D:2 =   D:3 !   D:4 *

Annotations:
D:4 Duvessa


Message History

You are outlined in light.
You slash Duvessa!
Duvessa is moderately wounded.
You slash Dowan!
Duvessa says, "I don't care about looks, I care about technique!"
Duvessa hits you with a +0 short sword. Dowan hits you with a +0 dagger.
Duvessa hits you but does no damage.
Dowan says, "My weaknesses are her strengths!"
Dowan barely misses you. The iguana bites you!
You slash Duvessa!
Duvessa is heavily wounded.
You barely miss Dowan. You hit the iguana.
Duvessa hits you with a +0 short sword. Dowan hits you but does no damage.
The iguana bites you but does no damage.
You hit Duvessa but do no damage.
Duvessa is heavily wounded.
You slash the iguana! You slash Dowan! Duvessa hits you with a +0 short sword!
Dowan hits you with a +0 dagger. The iguana misses you.
You hit Duvessa but do no damage.
Duvessa is heavily wounded.
You slash Dowan!
You kill Dowan!
Duvessa screams, "No!
How DARE you!"
Duvessa goes berserk!
You closely miss the iguana. Duvessa misses you. The iguana bites you!
Duvessa hits you with a +0 short sword!
* * * LOW HITPOINT WARNING * * *
You barely miss Duvessa.
Duvessa is heavily wounded.
You slash the iguana!
You kill the iguana!
You block Duvessa's attack.
You completely miss Duvessa.
Duvessa is heavily wounded.
Duvessa hits you but does no damage. Duvessa closely misses you.
You closely miss Duvessa.
Duvessa is heavily wounded.
Duvessa hits you with a +0 short sword!
* * * LOW HITPOINT WARNING * * *
Duvessa hits you with a +0 short sword!
You die...

... ###.#.. ...
##....$(# ... ##.......#
.. ###.......## .. #
#....#.....###.
.#.#......?....... .
......)e†......... ..
.......@.........# #.
................# #.
....##.......##..#### ..
......##.....# .).... .#
. #..........##....... #
#.......#..........###
#######.##.....##.#...#
#.......#......##.#....
##...........)..#.......


You could see Duvessa (berserk).

Vanquished Creatures
  Sigmund (D:2)
  Menkaure (D:4)
  A black bear (D:4)
  Dowan (D:4)
  Crazy Yiuf (D:3)
  Jessica (D:3)
  Ijyb (D:3)
  Terence (D:3)
  2 iguanas (D:4)
  Robin (D:2)
  3 adders
  4 worms (D:2)
  An orc (D:4)
  2 endoplasms
  6 giant cockroaches
  17 goblins
  8 hobgoblins
  2 jackals (D:1)
  8 kobolds
  2 quokkas
  7 ball pythons
  7 bats
  A frilled lizard (D:2)
  7 rats
86 creatures vanquished.

Vanquished Creatures (others)
  2 fungi (D:3)
2 creatures vanquished.

Grand Total: 88 creatures vanquished

Notes
Turn   | Place    | Note
-------+----------+-------------------------------------------
     0 | D:1      | leavemydog the Hill Orc Fighter began the quest for the
                  | Orb.
     0 | D:1      | Reached XP level 1. HP: 19/19 MP: 1/1
   207 | D:1      | Reached skill level 3 in Axes
   207 | D:1      | Reached XP level 2. HP: 21/27 MP: 2/2
   891 | D:1      | Reached XP level 3. HP: 32/33 MP: 3/3
  1093 | D:2      | Found Isoono's Jewellery Shop.
  1165 | D:2      | Reached skill level 4 in Axes
  1298 | D:2      | Noticed Sigmund
  1305 | D:2      | Killed Sigmund
  1306 | D:2      | Reached skill level 6 in Axes
  1306 | D:2      | Reached XP level 4. HP: 30/40 MP: 4/4
  1306 | D:2      | Reached XP level 5. HP: 34/46 MP: 5/5
  1461 | D:2      | Found a faded altar of an unknown god.
  1565 | D:2      | Identified the +2 helmet of the Gloaming {Str+4 Dex+6}
  1565 | D:2      | Noticed Robin
  1592 | D:2      | Reached XP level 6. HP: 24/52 MP: 6/6
  1592 | D:2      | Killed Robin
  2148 | D:3      | Noticed Terence
  2158 | D:3      | Killed Terence
  2160 | D:3      | HP: 2/53 [poisoned by Terence]
  2517 | D:3      | Identified the +0 pair of gloves "Nott" {rF+ rC++ Str+3
                  | Dex+3}
  2527 | D:3      | Noticed Ijyb
  2536 | D:3      | Killed Ijyb
  2896 | D:3      | Found Cafo's Distillery.
  2995 | D:3      | Identified the +7 short sword "Igiss" {vorpal, +Blink Str+3
                  | Int-5 Dex+6}
  3050 | D:3      | Noticed Jessica
  3056 | D:3      | Killed Jessica
  3057 | D:3      | Reached skill level 7 in Axes
  3225 | D:3      | Found a runed translucent door.
  3226 | D:3      | Noticed Crazy Yiuf
  3237 | D:3      | Killed Crazy Yiuf
  3433 | D:4      | Noticed a black bear
  3439 | D:4      | Killed a black bear
  3440 | D:4      | Reached XP level 7. HP: 46/60 MP: 7/7
  3627 | D:4      | Found Zin's Purification Station.
  3646 | D:4      | Found a glowing silver altar of Zin.
  3650 | D:4      | Noticed Menkaure
  3659 | D:4      | Killed Menkaure
  3660 | D:4      | Reached skill level 8 in Axes
  3912 | D:4      | Noticed Duvessa
  3912 | D:4      | Noticed Dowan
  3920 | D:4      | Killed Dowan
  3923 | D:4      | Slain by Duvessa

Illustrated notes

Levels and vault maps discovered:
D:1:      shiori_arrival_elements, layout_basic, roderic_roman_lattice,
          moated_statue, amethyst_killhole
D:2:      layout_basic, dreamdust_ecumenical_altar_angels_and_demons,
          serial_shops, shop, uniq_robin, uniq_sigmund
D:3:      layout_loops_cross, serial_shops, nicolae_shop_statue_plus,
          serial_rivers, chequers_serial_rivers_micro_b,
          chequers_serial_rivers_micro_b, chequers_serial_rivers_small_3,
          chequers_serial_rivers_room_b, chequers_serial_rivers_small_a,
          nicolae_hexahallways, serial_bayou_ford_a, chequers_hall_statues_y,
          uniq_crazy_yiuf_cottage, uniq_ijyb, uniq_jessica, uniq_terence
D:4:      layout_cave_pools, zin_purify, uniq_menkaure, uniq_duvessa

Skill      XL: |  1  2  3  4  5  6  7 |
---------------+----------------------+-----
Axes           | 3 6 7 8 |  8.7
Fighting       | 4 |  4.8
Armour         | 4 |  4.8
Shields        | 4 |  4.5

Action                   |  1- 3 |  4- 6 |  7- 9 || total
-------------------------+-------+-------+-------++-------
Melee: War axe           |   116 |   123 |    38 ||   277
  Use: Potion            |       |     1 |       ||     1
       Scroll            |       |       |     2 ||     2
Armor: Scale mail        |    62 |    63 |    15 ||   140
Dodge: Dodged            |    77 |    56 |    18 ||   151
Block: Buckler           |    36 |    31 |     8 ||    75

Table legend: (Time is in decaauts)
 A = Elapsed time spent in this place.
 B = Non-inter-level travel time spent in this place.
 C = Inter-level travel time spent in this place.
 D = Time resting spent in this place.
 E = Time spent auto-exploring this place.
 F = Levels seen in this place.
 G = Mean time per level.
                   A        B        C        D        E       F      G
               +--------+--------+--------+--------+--------+-----+--------+
         Total |   4009 |   3883 |    126 |    622 |   2610 |   4 | 1002.2 |
       Dungeon |   4009 |   3883 |    126 |    622 |   2610 |   4 | 1002.2 |
               +--------+--------+--------+--------+--------+-----+--------+

Top non-repeatable levels by time:
     D:3: 1336 daAuts
     D:1: 1098 daAuts
     D:2: 1078 daAuts
     D:4: 496 daAuts
